TOP OF THE 1ST |
Temiskaming District Secondary School Saints batting - Pitching for Mountain Pointe HS : RHP David Guy
|
Pitching: RHP David Guy
|
|
Batting: RHB José Icaza
|
0-0: Ball 1-0: Ball 2-0: Swinging Strike 2-1: Ball 3-1: Base on Balls
|
Batting: LHB Carson Dickinson
|
0-0: Called Strike 0-1: Ball 1-1: Swinging Strike 1-2: Ball 2-2: Strikes out swinging
|
Batting: RHB Ramón Cabrera
|
0-0: Called Strike 0-1: Foul Ball, location: 2F 0-2: Ball José Icaza is caught stealing 2nd base 1-2: Ball 2-2: SINGLE (Groundball, 6D)
|
Batting: LHB Leonardo Torres
|
0-0: Called Strike 0-1: Ball 1-1: Foul Ball, location: 2F 1-2: Ball 2-2: Foul Ball, location: 2F 2-2: Foul Ball, location: 2F 2-2: Ball 3-2: SINGLE (Line Drive, 56D) Ramón Cabrera to second Ramón Cabrera to third
|
Batting: RHB Hilton Knowles
|
0-0: Ground out 2-3 (Groundball, 2L)
|
Top of the 1st over - 0 run(s), 2 hit(s), 0 error(s), 2 left on base; Temiskaming District Secondary School 0 - Mountain Pointe HS 0 |
BOTTOM OF THE 1ST |
Mountain Pointe HS batting - Pitching for Temiskaming District Secondary School Saints : RHP Porter Fleming
|
Pitching: RHP Porter Fleming
|
|
Batting: LHB Jesús Romero
|
0-0: Foul Ball, location: 2F 0-1: SOLO HOME RUN (Flyball, 89XD), Distance : 427 ft
|
Batting: SHB Jerry Vaughn
|
0-0: Ball 1-0: SINGLE (Groundball, 34D)
|
Batting: LHB Benny Lawson
|
0-0: Ball 1-0: Ball 2-0: Ball 3-0: Foul Ball, location: 2F 3-1: Swinging Strike 3-2: Base on Balls Jerry Vaughn to second
|
Batting: RHB Reggie Snyder
|
0-0: Called Strike 0-1: Ball 1-1: Called Strike 1-2: Ball Wild Pitch! Jerry Vaughn to third Benny Lawson to second 2-2: Reached on error, E6 (Groundball, 6) Jerry Vaughn scores Benny Lawson scores
|
Batting: RHB Vicente Correa
|
0-0: Ball 1-0: Ground out 6-3 (Groundball, 6)
|
Batting: RHB Bill Wells
|
0-0: Called Strike 0-1: Swinging Strike 0-2: Ball 1-2: SINGLE (Groundball, 34D) Reggie Snyder to third
|
Batting: SHB Paul Campbell
|
0-0: Ball 1-0: Ball 2-0: Foul Ball, location: 2F 2-1: SINGLE (Line Drive, 89S) Reggie Snyder scores Bill Wells to second
|
Batting: LHB Rob Johnson
|
0-0: Ball 1-0: Swinging Strike 1-1: Ball 2-1: Ball 3-1: Base on Balls Bill Wells to third Paul Campbell to second
|
Batting: RHB Richard Bass
|
0-0: TRIPLE (Flyball, 9LM) Bill Wells scores Paul Campbell scores Rob Johnson scores
|
Batting: LHB Jesús Romero
|
0-0: Foul Ball, location: 2F 0-1: Ball 1-1: Ground out 6-3 (Groundball, 6) Richard Bass scores
|
Pitching: RHP Tracy Ferguson
|
|
Batting: SHB Jerry Vaughn
|
0-0: Ball 1-0: Foul Ball, location: 2F 1-1: Called Strike 1-2: Ball 2-2: Fly out, F9 (Flyball, 9LS)
|
Bottom of the 1st over - 8 run(s), 5 hit(s), 1 error(s), 0 left on base; Temiskaming District Secondary School 0 - Mountain Pointe HS 8 |
TOP OF THE 2ND |
Temiskaming District Secondary School Saints batting - Pitching for Mountain Pointe HS : RHP David Guy
|
Batting: SHB Eric Silva
|
0-0: Called Strike 0-1: Ball 1-1: SINGLE (Groundball, 4D)
|
Batting: RHB Scott Roberts
|
0-0: 2-RUN HOME RUN (Flyball, 7D), Distance : 402 ft
|
Batting: RHB Glenn Hansen
|
0-0: Ball 1-0: Swinging Strike 1-1: Foul Ball, location: 2F 1-2: Ball 2-2: Ball 3-2: Base on Balls
|
Batting: LHB Kevin McGee
|
0-0: Called Strike 0-1: Called Strike 0-2: Single, Error in OF, E9, batter to second base Glenn Hansen to third
|
Batting: RHB José Icaza
|
0-0: Called Strike 0-1: Ball 1-1: Called Strike 1-2: Fly out, F7 (Flyball, 7) Runner from 3rd tags up, SCORES, throw made
|
Batting: LHB Carson Dickinson
|
0-0: 2-RUN HOME RUN (Flyball, 9LD), Distance : 344 ft
|
Batting: RHB Ramón Cabrera
|
0-0: TRIPLE (Flyball, 89XD)
|
Batting: LHB Leonardo Torres
|
0-0: Ball 1-0: Ball 2-0: Ball 3-0: Called Strike 3-1: SINGLE (Line Drive, 4M) Ramón Cabrera scores
|
Batting: RHB Hilton Knowles
|
0-0: Called Strike 0-1: Ball 1-1: Swinging Strike 1-2: Strikes out looking
|
Batting: SHB Eric Silva
|
0-0: Ball 1-0: Called Strike 1-1: Ball 2-1: SINGLE (Flyball, 78S) Leonardo Torres to second
|
Batting: RHB Scott Roberts
|
0-0: Ball 1-0: Ball 2-0: Ball 3-0: Base on Balls Leonardo Torres to third Eric Silva to second
|
Pitching: LHP Mathew McLaughlin
|
|
Batting: RHB Glenn Hansen
|
0-0: Called Strike 0-1: Ball 1-1: Ball 2-1: Ball 3-1: Called Strike 3-2: Foul Ball, location: 2F 3-2: Foul Ball, location: 2F 3-2: Fly out, F4 (Popup, 4)
|
Top of the 2nd over - 6 run(s), 7 hit(s), 1 error(s), 3 left on base; Temiskaming District Secondary School 6 - Mountain Pointe HS 8 |
BOTTOM OF THE 2ND |
Mountain Pointe HS batting - Pitching for Temiskaming District Secondary School Saints : RHP Tracy Ferguson
|
Batting: LHB Benny Lawson
|
0-0: SINGLE (Groundball, 4MD)
|
Batting: RHB Reggie Snyder
|
0-0: Ball 1-0: Ball 2-0: Ball 3-0: Called Strike 3-1: Fly out, F7 (Flyball, 7)
|
Batting: RHB Vicente Correa
|
0-0: Fly out, F2 (Popup, 25)
|
Batting: RHB Bill Wells
|
0-0: Fly out, F4 (Popup, 3D)
|
Bottom of the 2nd over - 0 run(s), 1 hit(s), 0 error(s), 1 left on base; Temiskaming District Secondary School 6 - Mountain Pointe HS 8 |
TOP OF THE 3RD |
Temiskaming District Secondary School Saints batting - Pitching for Mountain Pointe HS : LHP Mathew McLaughlin
|
Batting: LHB Kevin McGee
|
0-0: Foul Ball, location: 2F 0-1: Reached on error, E5 (Groundball, 5)
|
Batting: RHB José Icaza
|
0-0: Ball Kevin McGee is caught stealing 2nd base 1-0: Ball 2-0: SINGLE (Line Drive, 78S)
|
Batting: LHB Carson Dickinson
|
0-0: Ball 1-0: Called Strike 1-1: Ball 2-1: Called Strike 2-2: Fielders Choice at 2nd, 4-6 (Groundball, 4)
|
Batting: RHB Ramón Cabrera
|
0-0: Ball 1-0: Ball 2-0: Ball 3-0: Called Strike 3-1: Foul Ball, location: 2F 3-2: Base on Balls Carson Dickinson to second
|
Batting: LHB Leonardo Torres
|
0-0: Foul Ball, location: 2F 0-1: SINGLE (Groundball, 56D) Carson Dickinson to third Ramón Cabrera to second Runner from 3rd tries for Home, SAFE, no throw
|
Batting: RHB Hilton Knowles
|
0-0: SINGLE (Groundball, 34) (infield hit) Ramón Cabrera to third Leonardo Torres to second
|
Batting: SHB Eric Silva
|
0-0: Ball 1-0: Ball 2-0: Ball 3-0: Called Strike 3-1: Base on Balls Ramón Cabrera scores Leonardo Torres to third Hilton Knowles to second
|
Batting: RHB Scott Roberts
|
0-0: SINGLE (Groundball, 6MD) Leonardo Torres scores Hilton Knowles to third Eric Silva to second Runner from 3rd tries for Home, SAFE, no throw
|
Pitching: RHP Mike Barnett
|
|
Batting: RHB Glenn Hansen
|
0-0: Called Strike 0-1: Foul Ball, location: 2F 0-2: Strikes out swinging
|
Top of the 3rd over - 4 run(s), 4 hit(s), 1 error(s), 2 left on base; Temiskaming District Secondary School 10 - Mountain Pointe HS 8 |
BOTTOM OF THE 3RD |
Mountain Pointe HS batting - Pitching for Temiskaming District Secondary School Saints : RHP Tracy Ferguson
|
Batting: SHB Paul Campbell
|
0-0: Called Strike 0-1: Ball 1-1: Foul Ball, location: 2F 1-2: Foul Ball, location: 2F 1-2: Fly out, F6 (Line Drive, 6)
|
Batting: LHB Rob Johnson
|
0-0: Ball 1-0: Ball 2-0: Ball 3-0: Called Strike 3-1: Foul Ball, location: 2F 3-2: Base on Balls
|
Batting: RHB Richard Bass
|
0-0: Ball 1-0: DOUBLE (Flyball, 89M) Rob Johnson to third
|
Batting: LHB Jesús Romero
|
0-0: Ball 1-0: Called Strike 1-1: Ball 2-1: SINGLE (Groundball, 3L) (infield hit) Rob Johnson scores Richard Bass to third
|
Batting: SHB Jerry Vaughn
|
0-0: Ball 1-0: Ball 2-0: Ball 3-0: Called Strike 3-1: Called Strike 3-2: Strikes out swinging
|
Pitching: RHP Chris King
|
|
Batting: LHB Benny Lawson
|
0-0: Called Strike 0-1: Ball 1-1: Ball 2-1: Ball 3-1: Base on Balls Jesús Romero to second
|
Batting: RHB Reggie Snyder
|
0-0: Ball 1-0: Ball 2-0: Swinging Strike 2-1: Ball Passed Ball! Richard Bass scores Jesús Romero to third Benny Lawson to second 3-1: Called Strike 3-2: Base on Balls
|
Batting: RHB Vicente Correa
|
0-0: Ball 1-0: Ball 2-0: Ball 3-0: Called Strike 3-1: Foul Ball, location: 2F 3-2: Foul Ball, location: 2F 3-2: Base on Balls Jesús Romero scores Benny Lawson to third Reggie Snyder to second
|
Batting: RHB Bill Wells
|
0-0: Called Strike 0-1: Ball 1-1: Fly out, F9 (Flyball, 9)
|
Bottom of the 3rd over - 3 run(s), 2 hit(s), 0 error(s), 3 left on base; Temiskaming District Secondary School 10 - Mountain Pointe HS 11 |
TOP OF THE 4TH |
Temiskaming District Secondary School Saints batting - Pitching for Mountain Pointe HS : RHP Mike Barnett
|
Batting: LHB Kevin McGee
|
0-0: Ball 1-0: SINGLE (Flyball, 7S)
|
Batting: RHB José Icaza
|
0-0: Ball 1-0: Called Strike 1-1: Foul Ball, location: 2F 1-2: Strikes out swinging
|
Batting: LHB Carson Dickinson
|
0-0: Ball 1-0: Ball Kevin McGee steals 2nd base 2-0: Foul Ball, location: 2F 2-1: Ball 3-1: Base on Balls
|
Batting: RHB Ramón Cabrera
|
0-0: Foul Ball, location: 2F 0-1: Called Strike 0-2: Foul Ball, location: 2F 0-2: Ball 1-2: Ball 2-2: Ball 3-2: Foul Ball, location: 2F 3-2: Strikes out looking
|
Batting: LHB Leonardo Torres
|
0-0: Ball 1-0: Ball 2-0: Called Strike 2-1: SINGLE (Line Drive, 78M) Kevin McGee to third Carson Dickinson to second Runner from 3rd tries for Home, SAFE, no throw
|
Batting: RHB Hilton Knowles
|
0-0: Swinging Strike 0-1: Fly out, F4 (Popup, 4D)
|
Top of the 4th over - 1 run(s), 2 hit(s), 0 error(s), 2 left on base; Temiskaming District Secondary School 11 - Mountain Pointe HS 11 |
BOTTOM OF THE 4TH |
Mountain Pointe HS batting - Pitching for Temiskaming District Secondary School Saints : RHP Chris King
|
Batting: SHB Paul Campbell
|
0-0: Ball 1-0: Ball 2-0: Ground out 3-1 (Groundball, 34S)
|
Batting: LHB Rob Johnson
|
0-0: Called Strike 0-1: Swinging Strike 0-2: Ground out 3-1 (Groundball, 34)
|
Batting: RHB Richard Bass
|
0-0: Ball 1-0: Ball 2-0: Called Strike 2-1: Ground out 4-3 (Groundball, 4M)
|
Bottom of the 4th over - 0 run(s), 0 hit(s), 0 error(s), 0 left on base; Temiskaming District Secondary School 11 - Mountain Pointe HS 11 |
TOP OF THE 5TH |
Temiskaming District Secondary School Saints batting - Pitching for Mountain Pointe HS : RHP Mike Barnett
|
Batting: SHB Eric Silva
|
0-0: Foul Ball, location: 2F 0-1: Swinging Strike 0-2: Ball 1-2: Ball 2-2: Fly out, F7 (Flyball, 7LM)
|
Batting: RHB Scott Roberts
|
0-0: Ball 1-0: Ball 2-0: Foul Ball, location: 2F 2-1: Foul Ball, location: 2F 2-2: Strikes out looking
|
Batting: RHB Glenn Hansen
|
0-0: Called Strike 0-1: Ball 1-1: Swinging Strike 1-2: Strikes out swinging
|
Top of the 5th over - 0 run(s), 0 hit(s), 0 error(s), 0 left on base; Temiskaming District Secondary School 11 - Mountain Pointe HS 11 |
BOTTOM OF THE 5TH |
Mountain Pointe HS batting - Pitching for Temiskaming District Secondary School Saints : RHP Chris King
|
Batting: LHB Jesús Romero
|
0-0: Ball 1-0: Ball 2-0: Ground out 4-3 (Groundball, 34)
|
Batting: SHB Jerry Vaughn
|
0-0: SOLO HOME RUN (Flyball, 9LD), Distance : 373 ft
|
Batting: LHB Benny Lawson
|
0-0: Ball 1-0: Fly out, F8 (Line Drive, 8LM)
|
Batting: RHB Reggie Snyder
|
0-0: Ball 1-0: Ball 2-0: Foul Ball, location: 2F 2-1: Ball 3-1: Foul Ball, location: 2F 3-2: Foul Ball, location: 2F 3-2: Base on Balls
|
Batting: RHB Vicente Correa
|
0-0: Ball 1-0: Called Strike 1-1: Foul Ball, location: 2F 1-2: Fielders Choice at 2nd, 5-4 (Groundball, 56)
|
Bottom of the 5th over - 1 run(s), 1 hit(s), 0 error(s), 0 left on base; Temiskaming District Secondary School 11 - Mountain Pointe HS 12 |
TOP OF THE 6TH |
Temiskaming District Secondary School Saints batting - Pitching for Mountain Pointe HS : RHP Mike Barnett
|
Batting: LHB Kevin McGee
|
0-0: Called Strike 0-1: Ball 1-1: Foul Ball, location: 2F 1-2: Fly out, F5 (Popup, 56)
|
Batting: RHB José Icaza
|
0-0: Ball 1-0: Foul Ball, location: 2F 1-1: Swinging Strike 1-2: Foul Ball, location: 2F 1-2: Ground out 6-3 (Groundball, 6)
|
Pitching: LHP Jim Bridges
|
|
Batting: LHB Carson Dickinson
|
0-0: Ball 1-0: DOUBLE (Flyball, 89D)
|
Batting: RHB Ramón Cabrera
|
0-0: Foul Ball, location: 2F 0-1: Foul Ball, location: 2F 0-2: Foul Ball, location: 2F 0-2: Fly out, F5 (Line Drive, 5)
|
Top of the 6th over - 0 run(s), 1 hit(s), 0 error(s), 1 left on base; Temiskaming District Secondary School 11 - Mountain Pointe HS 12 |
BOTTOM OF THE 6TH |
Mountain Pointe HS batting - Pitching for Temiskaming District Secondary School Saints : RHP Chris King
|
Batting: RHB Bill Wells
|
0-0: Called Strike 0-1: SINGLE (Line Drive, 34)
|
Batting: SHB Paul Campbell
|
0-0: Ball 1-0: Ball 2-0: Fly out, F8 (Flyball, 8LM)
|
Batting: LHB Rob Johnson
|
0-0: Called Strike 0-1: Ball 1-1: Called Strike 1-2: Foul Ball, location: 2F 1-2: Ball 2-2: Strikes out swinging
|
Pitching: RHP John Bauer
|
|
Batting: RHB Richard Bass
|
0-0: Fly out, F8 (Line Drive, 8RM)
|
Bottom of the 6th over - 0 run(s), 1 hit(s), 0 error(s), 1 left on base; Temiskaming District Secondary School 11 - Mountain Pointe HS 12 |
TOP OF THE 7TH |
Temiskaming District Secondary School Saints batting - Pitching for Mountain Pointe HS : LHP Jim Bridges
|
Batting: LHB Leonardo Torres
|
0-0: Called Strike 0-1: Ball 1-1: Ball 2-1: Ground out 5-3 (Groundball, 5D)
|
Batting: RHB Hilton Knowles
|
0-0: SOLO HOME RUN (Flyball, 7D), Distance : 412 ft
|
Batting: SHB Eric Silva
|
0-0: Ball 1-0: Ball 2-0: Ball 3-0: Base on Balls
|
Pinch Hitting: RHB Louis-Joseph Perrier
|
0-0: Ball 1-0: Called Strike 1-1: Foul Ball, location: 2F 1-2: Ball 2-2: Ball 3-2: SINGLE (Flyball, 8RM) Eric Silva to second
|
Batting: RHB Glenn Hansen
|
0-0: Ball 1-0: Ball 2-0: Grounds into double play, 6-4-3 (Groundball, 6)
|
Top of the 7th over - 1 run(s), 2 hit(s), 0 error(s), 1 left on base; Temiskaming District Secondary School 12 - Mountain Pointe HS 12 |
BOTTOM OF THE 7TH |
Mountain Pointe HS batting - Pitching for Temiskaming District Secondary School Saints : RHP John Bauer
|
Now in CF: John Weber
|
|
Batting: LHB Jesús Romero
|
0-0: Ball 1-0: Ball 2-0: Called Strike 2-1: Foul Ball, location: 2F 2-2: Ball 3-2: Strikes out swinging
|
Batting: SHB Jerry Vaughn
|
0-0: Ball 1-0: Ball 2-0: Called Strike 2-1: Foul Ball, location: 2F 2-2: Strikes out swinging
|
Batting: LHB Benny Lawson
|
0-0: Foul Ball, location: 2F 0-1: Ball 1-1: Foul Ball, location: 2F 1-2: Ball 2-2: SINGLE (Groundball, 34D)
|
Batting: RHB Reggie Snyder
|
0-0: Called Strike 0-1: Called Strike 0-2: Ball 1-2: Ball 2-2: Fly out, F8 (Flyball, 8LM)
|
Bottom of the 7th over - 0 run(s), 1 hit(s), 0 error(s), 1 left on base; Temiskaming District Secondary School 12 - Mountain Pointe HS 12 |
TOP OF THE 8TH |
Temiskaming District Secondary School Saints batting - Pitching for Mountain Pointe HS : LHP Jim Bridges
|
Batting: LHB Kevin McGee
|
0-0: Ball 1-0: Called Strike 1-1: Foul Ball, location: 2F 1-2: Strikes out swinging
|
Batting: RHB José Icaza
|
0-0: SOLO HOME RUN (Flyball, 7D), Distance : 396 ft
|
Pitching: RHP Rob Wright
|
|
Batting: LHB Carson Dickinson
|
0-0: Called Strike 0-1: Ball 1-1: Ball 2-1: Foul Ball, location: 2F 2-2: Strikes out looking
|
Batting: RHB Ramón Cabrera
|
0-0: Ball 1-0: Ball 2-0: Called Strike 2-1: SOLO HOME RUN (Line Drive, 7D), Distance : 396 ft
|
Batting: LHB Leonardo Torres
|
0-0: Ball 1-0: Called Strike 1-1: Ball 2-1: Ball 3-1: Fly out, F5 (Line Drive, 5)
|
Top of the 8th over - 2 run(s), 2 hit(s), 0 error(s), 0 left on base; Temiskaming District Secondary School 14 - Mountain Pointe HS 12 |
BOTTOM OF THE 8TH |
Mountain Pointe HS batting - Pitching for Temiskaming District Secondary School Saints : RHP John Bauer
|
Batting: RHB Vicente Correa
|
0-0: Ball 1-0: SINGLE (Line Drive, 8LS)
|
Batting: RHB Bill Wells
|
0-0: Called Strike 0-1: Ball 1-1: Swinging Strike 1-2: Ball Wild Pitch! Vicente Correa to second 2-2: Strikes out looking
|
Batting: SHB Paul Campbell
|
0-0: Ball Wild Pitch! Vicente Correa to third 1-0: Foul Ball, location: 2F 1-1: Foul Ball, location: 2F 1-2: Ground out 4-3 (Groundball, 4S) Vicente Correa scores
|
Batting: LHB Rob Johnson
|
0-0: Foul Ball, location: 2F 0-1: Ball 1-1: Called Strike 1-2: Ball 2-2: Ball 3-2: Strikes out swinging
|
Bottom of the 8th over - 1 run(s), 1 hit(s), 0 error(s), 0 left on base; Temiskaming District Secondary School 14 - Mountain Pointe HS 13 |
TOP OF THE 9TH |
Temiskaming District Secondary School Saints batting - Pitching for Mountain Pointe HS : RHP Rob Wright
|
Pitching: LHP Jeff Moore
|
|
Batting: RHB Hilton Knowles
|
0-0: Fly out, F8 (Flyball, 8RD)
|
Batting: SHB Eric Silva
|
0-0: Foul Ball, location: 2F 0-1: Ball 1-1: Ball 2-1: Ball 3-1: Base on Balls
|
Batting: RHB John Weber
|
0-0: Called Strike 0-1: Called Strike 0-2: Ball 1-2: Ball 2-2: Foul Ball, location: 2F 2-2: Foul Ball, location: 2F 2-2: Ball 3-2: Base on Balls Eric Silva to second
|
Batting: RHB Glenn Hansen
|
0-0: Foul Ball, location: 2F 0-1: Foul Ball, location: 2F 0-2: Ball 1-2: Foul Ball, location: 2F 1-2: Strikes out swinging
|
Batting: LHB Kevin McGee
|
0-0: Ball 1-0: Called Strike 1-1: Called Strike 1-2: Strikes out swinging
|
Top of the 9th over - 0 run(s), 0 hit(s), 0 error(s), 2 left on base; Temiskaming District Secondary School 14 - Mountain Pointe HS 13 |
BOTTOM OF THE 9TH |
Mountain Pointe HS batting - Pitching for Temiskaming District Secondary School Saints : RHP John Bauer
|
Pitching: LHP Alan Nelson
|
|
Now at C: José Ramírez
|
|
Batting: RHB Richard Bass
|
0-0: Swinging Strike 0-1: Foul Ball, location: 2F 0-2: Ball 1-2: Ball 2-2: Foul Ball, location: 2F 2-2: Strikes out swinging
|
Batting: LHB Jesús Romero
|
0-0: Called Strike 0-1: Foul Ball, location: 2F 0-2: Ground out 4-3 (Groundball, 4)
|
Batting: SHB Jerry Vaughn
|
0-0: Called Strike 0-1: SINGLE (Groundball, 56D)
|
Batting: LHB Benny Lawson
|
0-0: Ball 1-0: Fly out, F8 (Flyball, 78M)
|
Bottom of the 9th over - 0 run(s), 1 hit(s), 0 error(s), 1 left on base; Temiskaming District Secondary School 14 - Mountain Pointe HS 13 |
|